AoeStats
← ska_18

Arena

509333188Analyzed
3v3 RM · 4d ago on Sep 26, 2026· 16m 29s· 6 players
Game mode
Random Map
Map size
Normal (6 player)
Population
200
Speed
Normal
Resources
Standard
Victory
Conquest
Starting age
Dark Age
Ending age
Imperial Age
RankedLock teamsTeams togetherTeam positionsShared explorationLock speedFull tech treeHidden civsTurbo modeCheats
Victory
Defeat
🇨🇳 Cumans · China
1000
+12
🇨🇳 Varangians · China
995
+12
🇨🇳 Spanish · China
893
+18
🇦🇹 Saracens · Austria
922
-14
913
-14
🇺🇸 Koreans · United States
907
-14
AgentFlea
Mario Monti per l'Italia
6:52 Loom
ska_18
MIG99
1:05 Loom
10:02 Feudal Age
10:42 Double-Bit Axe
11:53 Horse Collar
17:35 Castle Age
QHX
11:38 Feudal Age
13:59 Horse Collar
16:08 Loom
Aisha
11:00 Feudal Age
11:29 Double-Bit Axe
13:17 Loom
13:25 Gold Mining
Connection lost

Rejoining the realm…

Still unreachable

The connection could not be restored.

Session expired

The server has moved on; the page needs a fresh start.